 Dungeon Crawl Stone Soup version 0.18.1-6-gd335043 (webtiles) character file.

44 HungrySpirit the Insei (level 3, -2/23 HPs)
             Began as an Octopode Transmuter on May 18, 2016.
             Slain by a kobold
             ... wielding a +0 short sword
              (6 damage)
             ... on level 2 of the Dungeon.
             The game lasted 00:01:49 (1207 turns).

HungrySpirit the Insei (Octopode Transmuter)        Turns: 1207, Time: 00:01:49

Health: -2/23      AC:  1    Str:  9    XL:     3   Next: 60%
Magic:  5/6        EV: 12    Int: 15    God:
Gold:   74         SH:  0    Dex: 13    Spells: 2 memorised, 3 levels left

rFire  . . .     SeeInvis .       - Unarmed
rCold  . . .     Gourm    .     (no shield)
rNeg   . . .     Faith    .     (helmet restricted)
rPois  .         Spirit   .     (no amulet)
rElec  .         Dismiss  .     (no ring)
rCorr  .         Reflect  .     (no ring)
SustAt .         Harm     .     (no ring)
MR     .....                    (no ring)
Stlth  ++........               (no ring)
                                (no ring)
                                (no ring)
                                (no ring)

@: appendage, not resistant to hostile enchantments, unstealthy
A: almost no armour, amphibious, 8 rings, constrict 8, tentacle spike 3,
camouflage 1, gelatinous body 1
a: End Transformation


You were on level 2 of the Dungeon.
You were not hungry.
One of your tentacles had a temporary spike.
You visited 1 branch of the dungeon, and saw 2 of its levels.

You collected 74 gold pieces.

Inventory:

Missiles
 a - 19 arrows
Scrolls
 d - a scroll of random uselessness {unknown}
 e - 3 scrolls of remove curse {unknown}
 h - 2 scrolls of fear {unknown}
 i - 3 scrolls of identify {unknown}
 k - 2 scrolls of amnesia {unknown}
 l - 2 scrolls of enchant armour {unknown}
Potions
 f - a potion of resistance {unknown}
 j - a potion of cancellation {unknown}
 m - a potion of mutation {unknown}
 n - a potion of curing {unknown}
 p - a potion of haste {unknown}
Books
 b - a book of Changes

   Spells                             Type                      Level
   a - Beastly Appendage              Transmutation                1
   b - Sticks to Snakes               Transmutation                2
   c - Spider Form                    Transmutation/Poison         3
   d - Ice Form                       Ice/Transmutation            4
   e - Blade Hands                    Transmutation                5
Comestibles
 c - a bread ration
 g - 2 meat rations


   Skills:
 + Level 1.5 Fighting
 - Level 2.0 Dodging
 * Level 4.0 Unarmed Combat
 - Level 2.0 Spellcasting
 + Level 2.4 Transmutations


You had 3 spell levels left.
You knew the following spells:

 Your Spells              Type           Power        Failure   Level  Hunger
a - Beastly Appendage     Trmt           #.....       12%         1    #......
b - Sticks to Snakes      Trmt           #.......     14%         2    ###....


Dungeon Overview and Level Annotations

Branches:
Dungeon (2/15)

Altars:
Okawaru


Innate Abilities, Weirdness & Mutations

You cannot wear most types of armour.
You are amphibious.
You can wear up to eight rings at the same time.
You can use your tentacles to constrict eight enemies at once.
Your skin changes colour to match your surroundings (Stealth).
Your rubbery body absorbs attacks (AC +1).
One of your tentacles bears a large vicious spike.


Message History

You see here a stone.
A kobold is nearby!
A kobold is nearby!
A kobold is nearby!
The kobold throws a stone.
The stone closely misses you.
The kobold throws a stone.
The stone closely misses you. The kobold hits you with a short sword.
You barely miss the kobold. Your grab misses the kobold.
Your squeeze misses the kobold. The kobold hits you with a short sword.
* * * LOW HITPOINT WARNING * * *
You are too injured to fight recklessly!
You are too injured to fight recklessly!
You are too injured to fight recklessly!
You are too injured to fight recklessly!
You are too injured to fight recklessly!
Casting: Beastly Appendage
Confirm with . or Enter, or press ? or * to list all spells.
One of your tentacles grows a vicious spike.
The kobold hits you with a short sword.
You die...

....# ##### # ##### #.
.# ###.... .# . ##.
....... .. .#.. .....>.
.. ...# ###.... #. #..#
##....
####..#####..######.....
......K@....(....##.##.#
#####.#####(.###.##.##.#
#### #.# #.#####..#
...... ...# #.#
#........######.##.#
##.# #.# #######......#
.##.. #.# #.# #.####.#
..... ##.# #.# #.# #.#
#... .#.# #.# #.# #)#
#.## .#.# #.# ..# #.#
#.##


You could see a kobold.

Vanquished Creatures
  An adder (D:2)
  2 oozes (D:2)
  A dart slug (D:1)
  A worm (D:2)
  3 goblins
  A hobgoblin (D:1)
  5 bats
  2 giant newts (D:2)
  7 kobolds
  A rat (D:1)
24 creatures vanquished.

Notes
Turn   | Place    | Note
--------------------------------------------------------------
     0 | D:1      | HungrySpirit the Octopode Transmuter began the quest for the Orb.
     0 | D:1      | Reached XP level 1. HP: 13/13 MP: 3/3
   309 | D:1      | Reached XP level 2. HP: 15/18 MP: 5/5
   862 | D:2      | Learned a level 2 spell: Sticks to Snakes
   866 | D:2      | Reached XP level 3. HP: 19/23 MP: 6/6
  1123 | D:2      | Found an iron altar of Okawaru.
  1175 | D:2      | Reached skill level 4 in Unarmed Combat
  1207 | D:2      | Slain by a kobold

Skill      XL: |  1  2  3 |
---------------+----------+-----
Unarmed Combat | 4 |  4.0
Fighting       | |  1.5
Dodging        | |  2.0
Spellcasting   | |  2.0
Transmutations | |  2.4

Action                   || total
-------------------------++-------
Melee: Unarmed           ||    56
       Constrict         ||    14
       Punch             ||     1
       Tentacles         ||     3
 Cast: Beastly Appendage ||     2
 Stab: Sleeping          ||     4
  Eat: Chunk             ||     1
Armor: Skin              ||     7
Dodge: Dodged            ||    32
